Map: Newkirk Precinct TE (Void)

Players

GuMiho - Winner!

  • Race: Terran Terran
  • League: Grandmaster
  • Spawn Location: 7:00

Seed

  • Race: Protoss Protoss
  • Spawn Location: 5:00

Event: Polygon Gaming Invitational 6

VOD

Have the link to the VOD?

Description

Time

  • Played on: Jan. 14, 2017, 10:23 a.m.
  • Length: 10:08

All games in this series

Show
View Real Time Build Order
Export as new Build Order

GuMiho Terran - Winner!

Build Orders: Liberator Opening, Reaper Expand, MMM Bio 

Get SALT Encoding   

  12  0:00  SCV  
  13  0:12  SCV  
  14  0:17  Supply Depot  
  14  0:25  SCV  
  14  0:28  Refinery  
  15  0:39  SCV  
  16  0:45  Barracks  
  16  0:51  SCV  
  17  1:03  SCV  
  18  1:15  SCV  
  19  1:32  Orbital Command, Reaper  
  20  1:44  Command Center  
  20  1:54  Factory  
  20  1:59  SCV  
  21  2:05  Barracks Reactor  
  21  2:11  SCV, Refinery  
  22  2:16  Supply Depot  
  22  2:23  SCV  
  23  2:38  SCV  
  23  2:40  Starport  
  23  2:41  Marine x2  
  23  2:43  Widow Mine  
  28  2:50  SCV  
  29  2:58  Orbital Command  
  29  2:59  Marine  
  29  3:00  Marine  
  31  3:06  SCV  
  31  3:17  Marine  
  31  3:18  Marine, Medivac  
  35  3:21  SCV  
  35  3:24  SCV  
  37  3:31  Widow Mine  
  37  3:35  Marine, Liberator  
  37  3:36  Barracks, Marine  
  37  3:39  SCV  
  40  3:42  SCV  
  40  3:45  Supply Depot  
  41  3:54  SCV  
  45  3:56  SCV  
  45  4:00  Supply Depot  
  46  4:03  Factory Tech Lab  
  46  4:08  SCV x2  
  48  4:11  Engineering Bay  
  48  4:18  Marine x2  
  48  4:20  SCV x2, Liberator  
  52  4:32  Barracks Tech Lab, SCV x2  
  52  4:33  Siege Tank  
  58  4:44  Marine x2  
  58  4:50  SCV x2  
  59  4:53  Marine  
  59  4:54  Refinery  
  59  4:55  Refinery  
  59  4:56  Stimpack  
  60  5:02  Marine, SCV  
  60  5:05  Supply Depot  
  62  5:08  Supply Depot  
  62  5:12  Terran Infantry Weapons Level 1  
  62  5:25  Supply Depot  
  62  5:27  SCV x2  
  64  5:28  Marine x2  
  64  5:29  Marine  
  64  5:30  Starport Reactor  
  67  5:35  Barracks  
  67  5:39  SCV  
  67  5:41  Factory Reactor  
  68  5:44  SCV  
  68  5:46  Marine x2  
  71  5:51  SCV  
  71  5:52  Marine  
  73  5:57  Barracks  
  73  5:59  SCV  
  73  6:00  Barracks  
  73  6:02  Supply Depot x2  
  73  6:03  SCV  
  75  6:08  Marine x2  
  75  6:09  Medivac  
  75  6:10  Medivac  
  75  6:11  SCV  
  82  6:15  SCV  
  83  6:19  Supply Depot  
  83  6:23  SCV  
  82  6:27  Liberator x2  
  82  6:28  SCV  
  82  6:31  Marauder  
  85  6:35  SCV  
  85  6:36  Marauder, Combat Shields  
  88  6:45  Widow Mine x2  
  98  6:48  SCV x2  
  100  7:00  Marauder x2, Marine x2  
  106  7:01  Barracks Tech Lab, Barracks Reactor  
  106  7:04  Supply Depot  
  106  7:05  Missile Turret  
  106  7:07  Supply Depot  
  106  7:13  Terran Infantry Armor Level 1  
  106  7:17  Missile Turret  
  106  7:22  Marauder x2  
  110  7:23  Concussive Shells  
  110  7:26  Marauder  
  110  7:29  Medivac x2  
  116  7:43  Marauder x2  
  119  7:47  Marauder  
  120  7:53  Command Center  
  120  7:59  Marine  
  120  8:04  Marauder  
  120  8:05  Marauder  
  125  8:12  Supply Depot  
  125  8:14  Marauder, Marine x3  
  125  8:17  Marine  
  128  8:26  Marauder  
  128  8:32  Marauder  
  128  8:33  Marine x3  
  133  8:35  Marauder, Marine, Widow Mine x2  
  133  8:37  Medivac x2  
  141  8:47  Marauder  
  143  8:50  Marine  
  143  8:51  Marine x2  
  143  8:53  Marauder, Marine  
  149  8:56  Marine  
  150  9:08  Marine x2  
  136  9:14  Marauder, Marine x2  
  136  9:15  Marauder, Marine  
  130  9:26  Marauder, Marine, Widow Mine x2  
  130  9:27  Medivac  
  130  9:30  Medivac  
  141  9:31  Marine  
  141  9:32  Marine  
  141  9:33  Marine  
  141  9:36  Marauder, Marine  
  127  9:44  Marine  
  116  9:49  Marine  
  116  9:50  Marine  
Show
View Real Time Build Order
Export as new Build Order

Seed Protoss 

Build Orders: 1 Gate Expand 

Get SALT Encoding   

  12  0:02  Probe (Chrono Boost)  
  13  0:13  Probe (Chrono Boost)  
  14  0:19  Pylon  
  14  0:23  Probe (Chrono Boost)  
  15  0:37  Probe (Chrono Boost), Gateway  
  16  0:46  Assimilator  
  16  0:48  Probe (Chrono Boost)  
  17  0:58  Probe (Chrono Boost)  
  18  1:09  Probe (Chrono Boost)  
  19  1:20  Nexus  
  19  1:30  Cybernetics Core  
  19  1:33  Probe (Chrono Boost)  
  19  1:38  Assimilator  
  20  1:44  Probe (Chrono Boost)  
  21  1:50  Pylon  
  21  1:54  Probe (Chrono Boost)  
  22  2:07  Warp Gate  
  24  2:09  Mothership Core (Chrono Boost)  
  24  2:12  Adept  
  26  2:28  Probe (Chrono Boost)  
  27  2:32  Probe (Chrono Boost)  
  27  2:35  Adept  
  28  2:38  Twilight Council  
  28  2:40  Probe (Chrono Boost)  
  28  2:43  Probe (Chrono Boost)  
  33  2:53  Probe x2 (Chrono Boost)  
  34  3:03  Probe (Chrono Boost)  
  34  3:04  Adept, Probe (Chrono Boost)  
  38  3:11  Resonating Glaives  
  37  3:14  Probe (Chrono Boost)  
  38  3:22  Robotics Facility  
  38  3:32  Probe (Chrono Boost)  
  38  3:34  Gateway  
  39  3:37  Gateway  
  39  3:41  Pylon  
  39  3:45  Probe (Chrono Boost)  
  39  3:46  Probe (Chrono Boost)  
  41  3:51  Pylon  
  41  3:57  Probe (Chrono Boost)  
  41  3:58  Probe (Chrono Boost)  
  43  4:07  Observer  
  43  4:08  Probe (Chrono Boost)  
  46  4:11  Probe (Chrono Boost)  
  46  4:12  Stalker  
  48  4:18  Probe (Chrono Boost)  
  48  4:20  Assimilator x2  
  48  4:33  Probe (Chrono Boost)  
  49  4:45  Adept, Stalker x2  
  49  4:52  Probe x2 (Chrono Boost)  
  55  4:54  Blink  
  55  4:56  Pylon  
  55  5:02  Probe (Chrono Boost)  
  56  5:07  Forge, Stalker  
  56  5:13  Stalker  
  61  5:14  Probe (Chrono Boost)  
  62  5:21  Probe (Chrono Boost)  
  62  5:26  Probe (Chrono Boost)  
  62  5:27  Protoss Ground Weapons Level 1  
  62  5:29  Warp Prism  
  62  5:35  Probe (Chrono Boost)  
  65  5:41  Probe (Chrono Boost)  
  66  5:45  Gateway  
  66  5:46  Gateway  
  66  5:47  Probe (Chrono Boost)  
  66  5:48  Gateway  
  67  5:53  Pylon  
  67  5:56  Pylon  
  67  6:02  Observer  
  67  6:09  Pylon  
  68  6:12  Stalker, Sentry x2  
  74  6:19  Immortal  
  74  6:23  Probe x2 (Chrono Boost)  
  80  6:42  Adept x3  
  80  6:43  Adept x3  
  80  6:44  Pylon  
  92  6:59  Pylon x2  
  92  7:04  Stalker x2  
  96  7:11  Adept  
  96  7:12  Adept x2  
  96  7:15  Protoss Ground Armor Level 1  
  102  7:18  Observer  
  103  7:22  Nexus  
  103  7:32  Pylon  
  103  7:33  Probe (Chrono Boost)  
  103  7:34  Probe (Chrono Boost)  
  103  7:35  Gateway  
  103  7:36  Gateway  
  105  7:47  Adept x3  
  105  7:51  Adept x2  
  109  7:59  Stalker  
  109  8:03  Probe x2 (Chrono Boost)  
  113  8:10  Warp Prism  
  113  8:13  Adept x2  
  109  8:27  Adept, Stalker x2  
  109  8:28  Adept  
  115  8:34  Adept x2  
  115  8:46  Adept  
  115  8:54  Adept  
  115  8:55  Adept x6  
  109  9:23  Stalker  
  109  9:24  Stalker x5  
  103  9:25  Stalker  
  103  9:27  Stalker  
Tags
 
Add a new tag
Caveats
  • Supply blocks, unpowered buildings, or Contaminate may cause inaccurate times.
  • Supply counts are checked every 10 seconds.